General information
- name: BNet
- type: Ladder team game (AT/RT)
- host: Battle.net
- saver: PHANTOM-PAIN
map: TwilightRuins
- players: 8
- length: 29:21
- speed: Fast
- version: 1.28 W3XP
- replay type: Public
» download(313 KB)
Players
team 1 (winner)

»
IStillDontCare (
purple | 70 APM | 2050 actions | 29:14)
5 Mountain King
3 Storm Bolt
2 Thunder Clap
2 Archmage
1 Blizzard
1 Summon Water Elemental
» actions
| Assign group hotkey | 40 | |
| Basic commands | 33 | |
| Build / train | 97 | |
| ESC pressed | 15 | |
| Enter build submenu | 48 | |
| Enter hero's abilities submenu | 7 | |
| Right click | 737 | |
| Select / deselect | 363 | |
| Select group hotkey | 608 | |
| Use ability | 102 | |
2050 total
» units
| Peasant | 26 | |
| Rifleman | 16 | |
| Sorceress | 6 | |
| Priest | 5 | |
53 total
» upgrades
| Masonry | 1 | |
| Gunpowder | 2 | |
| Sorceress Training | 2 | |
| Priest Training | 2 | |
| Armor | 2 | |
9 total
» buildings
| Altar of Kings | 1 | |
| Farm | 12 | |
| Barracks | 1 | |
| Blacksmith | 1 | |
| Scout Tower | 23 | |
| Arcane Vault | 1 | |
| Arcane Tower | 7 | |
| Town Hall | 1 | |
| Lumber Mill | 1 | |
| Guard Tower | 9 | |
| Keep | 1 | |
| Castle | 1 | |
| Arcane Sanctum | 2 | |
61 total
» build order
00:38 Altar of Kings
00:45 Farm
01:03 Barracks
01:09 Blacksmith
01:27 Farm
02:04 Scout Tower
02:12 Farm
02:20 Arcane Vault
02:45 Arcane Tower
04:11 Town Hall
04:15 Scout Tower
04:28 Lumber Mill
04:31 Scout Tower
05:04 Scout Tower
05:10 Farm
05:19 Farm
05:30 Guard Tower
05:41 Guard Tower
06:41 Keep
06:45 Farm
07:59 Scout Tower
08:49 Guard Tower
08:52 Scout Tower
09:06 Scout Tower
09:09 Scout Tower
09:48 Guard Tower
09:50 Scout Tower
09:51 Scout Tower
09:56 Castle
09:58 Arcane Tower
10:05 Arcane Sanctum
10:07 Arcane Sanctum
10:23 Guard Tower
11:02 Scout Tower
11:04 Scout Tower
11:09 Scout Tower
11:37 Guard Tower
11:38 Arcane Tower
11:39 Guard Tower
11:41 Scout Tower
11:42 Scout Tower
12:10 Arcane Tower
12:10 Arcane Tower
12:17 Scout Tower
12:18 Scout Tower
12:20 Scout Tower
12:37 Farm
12:40 Farm
12:44 Farm
12:48 Guard Tower
12:51 Scout Tower
13:03 Scout Tower
13:05 Scout Tower
13:46 Arcane Tower
15:00 Farm
19:08 Scout Tower
19:09 Scout Tower
19:45 Guard Tower
19:48 Farm
19:52 Farm
» items
| Boots of Speed | 1 | |
| Scroll of Town Portal | 4 | |
| Orb of Fire | 1 | |
| Scroll of Regeneration | 1 | |
| Scroll of Protection | 1 | |
8 total
TheGodfatherAC (
green | 54 APM | 1577 actions | 29:14)
4 Blademaster
1 Wind Walk
2 Critical Strike
1 Mirror Image
2 Shadow Hunter
1 Healing Wave
1 Hex
1 Tauren Chieftain
1 Endurance Aura
» actions
| Assign group hotkey | 1 | |
| Basic commands | 22 | |
| Build / train | 113 | |
| Enter build submenu | 66 | |
| Enter hero's abilities submenu | 9 | |
| Give item / drop item | 3 | |
| Remove unit from queue | 2 | |
| Right click | 797 | |
| Select / deselect | 443 | |
| Use ability | 121 | |
1577 total
» units
| Peon | 13 | |
| Grunt | 3 | |
| Goblin Shredder | 1 | |
| Wind Rider | 6 | |
| Spirit Walker | 2 | |
| Troll Headhunter/Berserker | 8 | |
| Troll Witch Doctor | 10 | |
| Shaman | 6 | |
49 total
» upgrades
| Armor | 3 | |
| Spiked Barricades | 2 | |
| Ranged Weapons | 3 | |
| Witch Doctor Training | 2 | |
| Envenomed Spears | 1 | |
| Reinforced Defenses | 2 | |
| Shaman Training | 2 | |
| Spirit Walker Training | 1 | |
16 total
» buildings
| Altar of Storms | 2 | |
| Orc Burrow | 17 | |
| Voodoo Lounge | 4 | |
| Barracks | 2 | |
| War Mill | 1 | |
| Stronghold | 2 | |
| Great Hall | 3 | |
| Watch Tower | 29 | |
| Beastiary | 1 | |
| Spirit Lodge | 4 | |
| Fortress | 4 | |
| Tauren Totem | 1 | |
70 total
» build order
00:29 Altar of Storms
00:32 Orc Burrow
01:53 Voodoo Lounge
01:58 Voodoo Lounge
02:01 Barracks
02:12 Barracks
02:15 Orc Burrow
02:17 War Mill
04:00 Stronghold
04:00 Stronghold
04:40 Orc Burrow
05:18 Orc Burrow
06:31 Great Hall
06:36 Watch Tower
06:40 Watch Tower
07:01 Beastiary
07:05 Spirit Lodge
07:54 Orc Burrow
07:57 Watch Tower
08:55 Fortress
08:55 Fortress
10:17 Orc Burrow
10:29 Spirit Lodge
12:46 Watch Tower
13:03 Voodoo Lounge
13:48 Orc Burrow
13:53 Orc Burrow
13:56 Watch Tower
14:01 Watch Tower
14:06 Altar of Storms
14:54 Watch Tower
14:58 Watch Tower
15:02 Watch Tower
15:06 Orc Burrow
15:11 Fortress
15:12 Fortress
15:14 Watch Tower
15:19 Spirit Lodge
16:00 Watch Tower
16:40 Watch Tower
16:44 Orc Burrow
16:46 Watch Tower
17:21 Spirit Lodge
17:30 Orc Burrow
17:39 Watch Tower
17:42 Orc Burrow
17:44 Orc Burrow
17:46 Watch Tower
17:51 Watch Tower
18:37 Voodoo Lounge
18:43 Orc Burrow
19:53 Orc Burrow
19:58 Orc Burrow
20:45 Watch Tower
21:57 Watch Tower
22:51 Watch Tower
22:54 Tauren Totem
22:58 Watch Tower
23:03 Watch Tower
23:06 Watch Tower
24:43 Watch Tower
25:45 Great Hall
26:42 Watch Tower
26:45 Watch Tower
26:48 Watch Tower
26:53 Watch Tower
27:15 Great Hall
27:23 Orc Burrow
28:54 Watch Tower
28:58 Watch Tower
» items
| Healing Salve | 1 | |
| Scroll of Town Portal | 1 | |
| Orb of Lightning | 1 | |
| Potion of Healing | 2 | |
| Claws of Attack +6 | 1 | |
| Claws of Attack +9 | 1 | |
| Potion of Invulnerability | 2 | |
9 total
r.a.p.e (
orange | 157 APM | 4600 actions | 29:14)
5 Archmage
3 Summon Water Elemental
2 Brilliance Aura
5 Mountain King
3 Storm Bolt
2 Bash
» actions
| Assign group hotkey | 89 | |
| Basic commands | 307 | |
| Build / train | 170 | |
| ESC pressed | 9 | |
| Enter build submenu | 38 | |
| Enter hero's abilities submenu | 10 | |
| Give item / drop item | 3 | |
| Remove unit from queue | 1 | |
| Right click | 1452 | |
| Select / deselect | 710 | |
| Select group hotkey | 1553 | |
| Use ability | 258 | |
4600 total
» units
| Peasant | 16 | |
| Footman | 9 | |
| Goblin Shredder | 2 | |
| Rifleman | 10 | |
| Sorceress | 4 | |
| Priest | 3 | |
| Spell Breaker | 6 | |
| Knight | 1 | |
| Goblin Sapper | 4 | |
55 total
» upgrades
| Masonry | 3 | |
| Gunpowder | 3 | |
| Armor | 3 | |
| Long Rifles | 1 | |
| Sorceress Training | 2 | |
| Priest Training | 2 | |
| Plating | 3 | |
| Swords | 4 | |
| Animal War Training | 1 | |
22 total
» buildings
| Altar of Kings | 1 | |
| Barracks | 2 | |
| Farm | 12 | |
| Scout Tower | 16 | |
| Lumber Mill | 1 | |
| Arcane Tower | 6 | |
| Arcane Vault | 1 | |
| Town Hall | 2 | |
| Guard Tower | 15 | |
| Keep | 2 | |
| Blacksmith | 1 | |
| Arcane Sanctum | 2 | |
| Castle | 3 | |
64 total
» build order
00:48 Altar of Kings
00:53 Barracks
00:55 Farm
01:04 Farm
01:14 Farm
01:53 Scout Tower
02:04 Lumber Mill
02:19 Arcane Tower
02:19 Arcane Tower
02:31 Arcane Vault
03:36 Farm
03:43 Farm
03:55 Town Hall
04:32 Scout Tower
05:02 Arcane Tower
05:02 Arcane Tower
05:13 Scout Tower
06:01 Guard Tower
06:03 Scout Tower
06:48 Keep
06:48 Keep
06:55 Guard Tower
06:55 Guard Tower
07:43 Blacksmith
08:24 Scout Tower
08:25 Scout Tower
08:51 Guard Tower
09:16 Arcane Sanctum
09:17 Arcane Sanctum
09:47 Scout Tower
09:49 Castle
09:49 Castle
09:49 Castle
10:04 Scout Tower
10:05 Scout Tower
10:10 Scout Tower
10:22 Guard Tower
10:22 Guard Tower
10:36 Guard Tower
10:36 Guard Tower
10:37 Guard Tower
10:37 Guard Tower
10:37 Guard Tower
10:45 Guard Tower
10:46 Guard Tower
12:06 Farm
12:07 Farm
12:08 Farm
12:35 Barracks
13:51 Farm
15:24 Farm
15:26 Farm
22:19 Farm
27:13 Town Hall
27:14 Scout Tower
27:15 Scout Tower
27:15 Scout Tower
27:16 Scout Tower
27:17 Scout Tower
27:19 Scout Tower
27:48 Arcane Tower
27:48 Arcane Tower
27:49 Guard Tower
27:49 Guard Tower
» items
| Scroll of Regeneration | 7 | |
| Mechanical Critter | 8 | |
| Sentry Wards | 1 | |
| Staff of Sanctuary | 1 | |
| Boots of Speed | 1 | |
| Periapt of Vitality | 1 | |
| Circlet of Nobility | 1 | |
| Scroll of Protection | 1 | |
| Potion of Lesser Invulnerability | 1 | |
| Scroll of Town Portal | 3 | |
| Orb of Lightning | 1 | |
| Lesser Clarity Potion | 1 | |
| Orb of Fire | 1 | |
| Claws of Attack +9 | 1 | |
| Talisman of Evasion | 1 | |
| Potion of Invulnerability | 1 | |
31 total
chumly (
red | 64 APM | 722 actions | 11:13)
3 Tauren Chieftain
2 War Stomp
1 Endurance Aura
1 Shadow Hunter
1 Healing Wave
» actions
| Assign group hotkey | 12 | |
| Build / train | 34 | |
| Enter build submenu | 17 | |
| Enter hero's abilities submenu | 4 | |
| Give item / drop item | 1 | |
| Right click | 261 | |
| Select / deselect | 147 | |
| Select group hotkey | 215 | |
| Use ability | 31 | |
722 total
» units
| Peon | 11 | |
| Troll Headhunter/Berserker | 13 | |
24 total
» upgrades
» buildings
| Barracks | 1 | |
| Orc Burrow | 5 | |
| War Mill | 1 | |
| Altar of Storms | 1 | |
| Voodoo Lounge | 1 | |
| Stronghold | 1 | |
| Watch Tower | 4 | |
| Great Hall | 1 | |
15 total
» build order
00:35 Barracks
00:46 Orc Burrow
00:56 War Mill
01:33 Orc Burrow
01:36 Altar of Storms
02:24 Orc Burrow
02:50 Voodoo Lounge
05:15 Stronghold
06:20 Orc Burrow
06:42 Watch Tower
06:44 Watch Tower
06:45 Watch Tower
07:31 Orc Burrow
07:56 Great Hall
09:06 Watch Tower
» items
| Healing Salve | 1 | |
| Lesser Clarity Potion | 1 | |
2 total
team 2 (loser)

»
aSuckledFeaster (
teal | 83 APM | 2440 actions | 29:14)
5 Shadow Hunter
3 Healing Wave
2 Serpent Ward
5 Tauren Chieftain
2 Endurance Aura
2 War Stomp
1 Shockwave
» actions
| Assign group hotkey | 29 | |
| Build / train | 71 | |
| ESC pressed | 6 | |
| Enter build submenu | 21 | |
| Enter hero's abilities submenu | 10 | |
| Give item / drop item | 2 | |
| Right click | 1472 | |
| Select / deselect | 351 | |
| Select group hotkey | 382 | |
| Use ability | 96 | |
2440 total
» units
| Peon | 10 | |
| Grunt | 11 | |
| Tauren | 10 | |
| Makrura Deepseer | 1 | |
| Giant Sea Turtle | 1 | |
| Mur'gul Snarecaster | 1 | |
34 total
» upgrades
| Pillage | 1 | |
| Armor | 3 | |
| Berserker Strength | 1 | |
| Melee Weapons | 3 | |
| Pulverize | 1 | |
9 total
» buildings
| Altar of Storms | 1 | |
| Orc Burrow | 8 | |
| Barracks | 1 | |
| Voodoo Lounge | 1 | |
| War Mill | 1 | |
| Watch Tower | 2 | |
| Stronghold | 1 | |
| Fortress | 1 | |
| Tauren Totem | 2 | |
| Great Hall | 1 | |
19 total
» build order
00:10 Altar of Storms
00:22 Orc Burrow
00:37 Barracks
01:41 Orc Burrow
01:56 Voodoo Lounge
02:14 War Mill
03:32 Watch Tower
03:51 Stronghold
04:16 Orc Burrow
05:15 Orc Burrow
05:19 Watch Tower
06:54 Orc Burrow
09:02 Fortress
09:09 Orc Burrow
11:46 Tauren Totem
11:48 Tauren Totem
12:22 Orc Burrow
14:20 Great Hall
19:12 Orc Burrow
» items
| Healing Salve | 2 | |
| Lesser Clarity Potion | 3 | |
| Wand of Lightning Shield | 1 | |
| Scroll of Speed | 3 | |
| Potion of Healing | 1 | |
| Potion of Mana | 1 | |
| Scroll of Healing | 1 | |
| Scroll of Protection | 1 | |
13 total
ecupirate (
blue | 33 APM | 976 actions | 29:14)
7 Blademaster
3 Wind Walk
3 Critical Strike
1 Bladestorm
» actions
| Basic commands | 1 | |
| Build / train | 64 | |
| Enter build submenu | 16 | |
| Enter hero's abilities submenu | 7 | |
| Give item / drop item | 2 | |
| Right click | 663 | |
| Select / deselect | 164 | |
| Use ability | 59 | |
976 total
» units
| Peon | 21 | |
| Wind Rider | 4 | |
| Goblin Sapper | 2 | |
27 total
» upgrades
| Ranged Weapons | 2 | |
| Armor | 1 | |
| Reinforced Defenses | 1 | |
| Shaman Training | 2 | |
| Spiked Barricades | 1 | |
| Envenomed Spears | 1 | |
8 total
» buildings
| Altar of Storms | 1 | |
| Orc Burrow | 6 | |
| Voodoo Lounge | 1 | |
| War Mill | 1 | |
| Stronghold | 1 | |
| Great Hall | 1 | |
| Beastiary | 4 | |
| Fortress | 1 | |
| Spirit Lodge | 1 | |
17 total
» build order
00:08 Altar of Storms
00:12 Orc Burrow
01:05 Voodoo Lounge
01:16 Orc Burrow
01:51 War Mill
03:03 Stronghold
03:37 Great Hall
03:52 Orc Burrow
05:17 Orc Burrow
05:31 Beastiary
05:35 Beastiary
05:49 Beastiary
05:51 Fortress
06:54 Beastiary
07:00 Orc Burrow
08:47 Spirit Lodge
09:17 Orc Burrow
» items
| Healing Salve | 5 | |
| Circlet of Nobility | 2 | |
| Boots of Speed | 1 | |
| Potion of Healing | 2 | |
| Scroll of Town Portal | 4 | |
| Orb of Lightning | 1 | |
| Lesser Clarity Potion | 1 | |
| Scroll of Regeneration | 1 | |
17 total
PHANTOM-PAIN (
yellow | 57 APM | 1664 actions | 29:21)
5 Blademaster
3 Wind Walk
2 Critical Strike
» actions
| Assign group hotkey | 35 | |
| Basic commands | 61 | |
| Build / train | 55 | |
| Enter build submenu | 33 | |
| Enter hero's abilities submenu | 5 | |
| Give item / drop item | 2 | |
| Remove unit from queue | 1 | |
| Right click | 688 | |
| Select / deselect | 175 | |
| Select group hotkey | 496 | |
| Use ability | 113 | |
1664 total
» units
| Peon | 11 | |
| Goblin Shredder | 5 | |
| Wind Rider | 7 | |
| Goblin Zeppelin | 1 | |
| Goblin Sapper | 2 | |
26 total
» upgrades
| Reinforced Defenses | 1 | |
| Envenomed Spears | 1 | |
| Ranged Weapons | 2 | |
| Armor | 2 | |
| Liquid Fire | 1 | |
7 total
» buildings
| Altar of Storms | 1 | |
| Orc Burrow | 7 | |
| Voodoo Lounge | 1 | |
| Stronghold | 2 | |
| War Mill | 2 | |
| Great Hall | 1 | |
| Watch Tower | 37 | |
| Fortress | 3 | |
| Beastiary | 3 | |
57 total
» build order
00:07 Altar of Storms
00:18 Orc Burrow
01:01 Voodoo Lounge
02:06 Stronghold
02:06 Stronghold
02:32 Orc Burrow
02:33 Orc Burrow
02:33 Orc Burrow
02:59 War Mill
03:05 War Mill
03:58 Great Hall
05:34 Watch Tower
05:35 Watch Tower
05:35 Watch Tower
05:36 Watch Tower
06:18 Fortress
06:18 Fortress
06:19 Fortress
06:45 Beastiary
06:46 Beastiary
06:58 Watch Tower
07:03 Watch Tower
07:15 Beastiary
07:23 Watch Tower
07:50 Watch Tower
07:56 Watch Tower
08:00 Watch Tower
09:19 Watch Tower
09:28 Watch Tower
09:29 Watch Tower
10:07 Watch Tower
10:08 Watch Tower
10:13 Watch Tower
11:24 Watch Tower
11:28 Orc Burrow
11:32 Orc Burrow
12:05 Watch Tower
16:10 Orc Burrow
16:49 Watch Tower
18:03 Watch Tower
18:04 Watch Tower
18:04 Watch Tower
19:51 Watch Tower
19:51 Watch Tower
19:52 Watch Tower
20:17 Watch Tower
20:36 Watch Tower
21:37 Watch Tower
21:38 Watch Tower
22:22 Watch Tower
22:23 Watch Tower
22:23 Watch Tower
22:24 Watch Tower
24:55 Watch Tower
24:55 Watch Tower
24:57 Watch Tower
24:58 Watch Tower
» items
| Healing Salve | 3 | |
| Lesser Clarity Potion | 2 | |
| Orb of Lightning | 1 | |
| Staff of Teleportation | 1 | |
| Tiny Great Hall | 1 | |
| Scroll of Town Portal | 1 | |
9 total
OLIM1 (
pink | 62 APM | 1823 actions | 29:14)
6 Archmage
3 Summon Water Elemental
2 Brilliance Aura
1 Mass Teleport
» actions
| Assign group hotkey | 49 | |
| Basic commands | 1 | |
| Build / train | 69 | |
| Enter build submenu | 38 | |
| Enter hero's abilities submenu | 6 | |
| Give item / drop item | 1 | |
| Remove unit from queue | 1 | |
| Right click | 751 | |
| Select / deselect | 304 | |
| Select group hotkey | 523 | |
| Use ability | 80 | |
1823 total
» units
| Peasant | 15 | |
| Footman | 3 | |
| Rifleman | 13 | |
| Priest | 3 | |
| Flying Machine | 4 | |
| Mortar Team | 4 | |
42 total
» upgrades
» buildings
| Altar of Kings | 2 | |
| Farm | 15 | |
| Barracks | 5 | |
| Scout Tower | 4 | |
| Arcane Tower | 1 | |
| Blacksmith | 2 | |
| Arcane Vault | 2 | |
| Keep | 1 | |
| Arcane Sanctum | 1 | |
| Workshop | 1 | |
| Castle | 1 | |
| Lumber Mill | 2 | |
| Town Hall | 1 | |
| Guard Tower | 1 | |
39 total
» build order
00:15 Altar of Kings
00:22 Farm
00:34 Barracks
01:04 Farm
01:40 Scout Tower
02:12 Arcane Tower
02:53 Blacksmith
03:20 Farm
04:02 Arcane Vault
04:17 Barracks
05:08 Farm
05:09 Keep
06:07 Farm
07:22 Farm
08:10 Arcane Sanctum
11:24 Workshop
13:16 Farm
13:17 Castle
13:58 Farm
14:55 Farm
14:59 Lumber Mill
16:21 Farm
17:14 Scout Tower
17:17 Scout Tower
18:14 Town Hall
20:10 Guard Tower
24:30 Farm
24:42 Farm
25:21 Farm
26:10 Altar of Kings
26:19 Farm
26:34 Blacksmith
26:38 Barracks
27:58 Barracks
28:02 Arcane Vault
28:29 Barracks
28:36 Lumber Mill
29:08 Scout Tower
29:13 Farm
» items
| Scroll of Regeneration | 2 | |
| Boots of Speed | 2 | |
| Scroll of Town Portal | 3 | |
| Potion of Healing | 3 | |
| Potion of Mana | 1 | |
| Circlet of Nobility | 1 | |
| Potion of Lesser Invulnerability | 2 | |
14 total
Chat log
(00:37 / Allies) PHANTOM-PAIN: wyvern bat
(01:42 / All) PHANTOM-PAIN: blizzcon today, no wc3 remaster announced
(06:33 / Allies) PHANTOM-PAIN: wyverns bats
(06:52 / Allies) PHANTOM-PAIN: wood plz
(07:10 / Allies) PHANTOM-PAIN: thx
(07:14 / Allies) aSuckledFeaster: nothing left
(08:39 / Allies) PHANTOM-PAIN: leave it
(10:00 / Allies) aSuckledFeaster: they have 2 expos now fml
(12:36 / Allies) PHANTOM-PAIN: blue i have wyverns
(13:55 / Allies) aSuckledFeaster: anyone have lumber
(14:13 / Allies) PHANTOM-PAIN: blue is a hacker
(14:21 / Allies) ecupirate: ?
(15:21 / Allies) ecupirate: tk
(15:25 / Allies) PHANTOM-PAIN: ur a hacker
(15:26 / Allies) PHANTOM-PAIN: blue
(15:34 / Allies) aSuckledFeaster: how?
(15:38 / Allies) ecupirate: lol sure
(15:39 / Allies) PHANTOM-PAIN: i have proof he hacks
(15:42 / Allies) PHANTOM-PAIN: several games
(15:52 / Allies) ecupirate: pls show me
(15:56 / Allies) PHANTOM-PAIN: i will after i kill u
(16:29 / Allies) PHANTOM-PAIN: ill show u guys all proof
(17:32 / Allies) ecupirate: well too bad could have been an easy win
(17:37 / Allies) PHANTOM-PAIN: out noob
(17:38 / Allies) aSuckledFeaster: yea we lose yellwo tk
(17:38 / Allies) PHANTOM-PAIN: stupid hacker
(17:40 / Allies) aSuckledFeaster: they all have expos
(17:44 / Allies) ecupirate: yep
(17:44 / Allies) aSuckledFeaster: he doesn't hack
(17:48 / Allies) PHANTOM-PAIN: yes he does
(17:48 / All) aSuckledFeaster: yellow tking us all
(17:49 / Allies) PHANTOM-PAIN: jesus
(17:50 / All) aSuckledFeaster: gg
(17:52 / All) r.a.p.e: you suck
(17:55 / Allies) ecupirate: he knows i dont
(18:00 / Allies) ecupirate: that his schtik
(18:00 / Allies) aSuckledFeaster: cool throw a good game regardless?
(18:01 / All) r.a.p.e: sh first lol
(18:10 / Allies) ecupirate: "hey ur a hacker so now i'll kill you"
(18:18 / Allies) ecupirate: "show you proof later"
(18:20 / Allies) PHANTOM-PAIN: i told u teal ill show u proof
(18:37 / Allies) ecupirate: now you know the tker for future games
(18:42 / Allies) PHANTOM-PAIN: good
(18:44 / Allies) PHANTOM-PAIN: leave now
(18:45 / Allies) PHANTOM-PAIN: hacker
(18:52 / Allies) ecupirate: yeah sure
(18:59 / Allies) PHANTOM-PAIN: quit talking noob and leave
(21:00 / Allies) ecupirate: lol
(21:10 / Allies) ecupirate: well ur predicked-able
(22:33 / Allies) PHANTOM-PAIN: dont leave cuz my friend is gonna tk his team lawl
(22:54 / All) aSuckledFeaster: gg
(22:58 / Allies) PHANTOM-PAIN: babies
(23:00 / Allies) PHANTOM-PAIN: its not over
(23:03 / All) r.a.p.e: out
(25:24 / Allies) PHANTOM-PAIN: hes gonna tk his team right now
(25:29 / Allies) ecupirate: sure
(25:29 / Allies) aSuckledFeaster: you team killed our techer that 2 of us fed
(25:31 / Allies) ecupirate: who?
(25:38 / Allies) aSuckledFeaster: then you towered in and didnt tp help or build units
(25:39 / Allies) PHANTOM-PAIN: orange is
(25:41 / Allies) PHANTOM-PAIN: wtch
(25:47 / All) aSuckledFeaster: yellow tk'd threw the game, gg trying to blame it on us
(25:55 / All) r.a.p.e: i'm tking too
(25:57 / All) r.a.p.e: quit whining
(26:01 / All) r.a.p.e: you aren't at a disadvantage you big baby
(26:02 / All) aSuckledFeaster: well it's a race!
(26:04 / All) r.a.p.e: keep making excuses
(26:10 / Allies) PHANTOM-PAIN: fiht at towers
(26:46 / Allies) PHANTOM-PAIN: come teal
(26:48 / Allies) PHANTOM-PAIN: we can take that
(26:49 / Allies) PHANTOM-PAIN: come
(27:12 / Allies) PHANTOM-PAIN: gogo
(27:41 / All) TheGodfatherAC: Wow
(27:45 / All) ecupirate: ?
(27:46 / All) PHANTOM-PAIN: out noobs
(28:25 / Allies) PHANTOM-PAIN: purple base now
(28:58 / Allies) aSuckledFeaster: have heling scroll for u
(29:09 / All) TheGodfatherAC: So